| TOP OF THE 1ST |
|
Akron RubberDucks batting - Pitching for Birmingham Barons : RHP Tristan Vollmer
|
|
Pitching: RHP Tristan Vollmer
|
|
|
Batting: LHB Nick Welling
|
0-0: Ball 1-0: Swinging Strike 1-1: Ball 2-1: Foul Ball, location: 2F 2-2: Ball 3-2: Foul Ball, location: 2F 3-2: Strikes out swinging
|
|
Batting: SHB Arturo Baez
|
0-0: Called Strike 0-1: Foul Ball, location: 2F 0-2: Foul Ball, location: 2F 0-2: Ball 1-2: Reached on error, E1 (Groundball, 15S, EV 63.8 MPH)
|
|
Batting: RHB Carlos Abrego
|
0-0: Called Strike 0-1: Called Strike 0-2: Ball 1-2: Ball 2-2: Foul Ball, location: 2F 2-2: DOUBLE (Line Drive, 8RXD, EV 113.8 MPH) Arturo Baez to third
|
|
Batting: LHB Sam Ogg
|
0-0: Ball 1-0: Called Strike 1-1: Called Strike 1-2: Strikes out looking
|
|
Batting: LHB Justin Rankin
|
0-0: Ball 1-0: Called Strike 1-1: Ball 2-1: Swinging Strike 2-2: Ground out 6-3 (Groundball, 6, EV 106.2 MPH)
|
| Top of the 1st over - 0 runs, 1 hit, 1 error, 2 left on base; Akron 0 - Birmingham 0 |
| BOTTOM OF THE 1ST |
|
Birmingham Barons batting - Pitching for Akron RubberDucks : RHP Fomio Tashima
|
|
Pitching: RHP Fomio Tashima
|
|
|
Batting: RHB Jeremy Hoffert
|
0-0: Ball 1-0: Foul Ball, location: 2F 1-1: Foul Ball, location: 2F 1-2: Ball 2-2: Ball 3-2: Strikes out looking
|
|
Batting: LHB Brandon Hopper
|
0-0: Ball 1-0: Hit by Pitch
|
|
Batting: LHB Ryan Dyal
|
0-0: Called Strike 0-1: Ball 1-1: SINGLE (Groundball, 56D, EV 98.1 MPH) Brandon Hopper to second
|
|
Batting: LHB Josh Pittman
|
0-0: Foul Ball, location: 2F 0-1: Ball 1-1: Called Strike 1-2: Fielders Choice at 2nd, 4-6 (Groundball, 34D, EV 80.6 MPH) Brandon Hopper to third
|
|
Batting: LHB Carlos Ramirez
|
0-0: Called Strike 0-1: Ball 1-1: Swinging Strike 1-2: Strikes out looking
|
| Bottom of the 1st over - 0 runs, 1 hit, 0 errors, 2 left on base; Akron 0 - Birmingham 0 |
| TOP OF THE 2ND |
|
Akron RubberDucks batting - Pitching for Birmingham Barons : RHP Tristan Vollmer
|
|
Batting: RHB Eric Kuck
|
0-0: Called Strike 0-1: Ball 1-1: Ball 2-1: Ball 3-1: Called Strike 3-2: Fly out, F9 (Flyball, 9LM, EV 82.5 MPH)
|
|
Batting: RHB Greg Harden
|
0-0: Foul Ball, location: 2F 0-1: Ball 1-1: Ball 2-1: Fly out, F7 (Line Drive, 7, EV 103.1 MPH)
|
|
Batting: RHB Adrian Martinelli
|
0-0: Called Strike 0-1: Ball 1-1: Foul Ball, location: 2F 1-2: Foul Ball, location: 2F 1-2: Fly out, F9 (Flyball, 9D, EV 104.4 MPH)
|
| Top of the 2nd over - 0 runs, 0 hits, 0 errors, 0 left on base; Akron 0 - Birmingham 0 |
| BOTTOM OF THE 2ND |
|
Birmingham Barons batting - Pitching for Akron RubberDucks : RHP Fomio Tashima
|
|
Batting: RHB Toichiro Fujimoto
|
0-0: Called Strike 0-1: Foul Ball, location: 2F 0-2: Strikes out swinging
|
|
Batting: LHB Herkko Haavikko
|
0-0: Ball 1-0: Called Strike 1-1: Foul Ball, location: 2F 1-2: Strikes out swinging
|
|
Batting: RHB Peter Croston
|
0-0: Ball 1-0: Ball 2-0: Ball 3-0: Base on Balls
|
|
Batting: RHB Santos Guadalupe
|
0-0: Called Strike 0-1: Ball 1-1: Fly out, F9 (Flyball, 9S, EV 75.6 MPH)
|
| Bottom of the 2nd over - 0 runs, 0 hits, 0 errors, 1 left on base; Akron 0 - Birmingham 0 |
| TOP OF THE 3RD |
|
Akron RubberDucks batting - Pitching for Birmingham Barons : RHP Tristan Vollmer
|
|
Batting: LHB Yasuo Igarashi
|
0-0: Ball 1-0: Ground out 1-3 (Groundball, 13, EV 75.0 MPH)
|
|
Batting: LHB Nick Welling
|
0-0: Ball 1-0: Ball 2-0: Swinging Strike 2-1: Swinging Strike 2-2: Strikes out swinging
|
|
Batting: SHB Arturo Baez
|
0-0: Ball 1-0: Ball 2-0: Ball 3-0: Called Strike 3-1: Foul Ball, location: 2F 3-2: Fly out, F7 (Flyball, 78D, EV 90.6 MPH)
|
| Top of the 3rd over - 0 runs, 0 hits, 0 errors, 0 left on base; Akron 0 - Birmingham 0 |
| BOTTOM OF THE 3RD |
|
Birmingham Barons batting - Pitching for Akron RubberDucks : RHP Fomio Tashima
|
|
Batting: RHB Jeremy Hoffert
|
0-0: Ball 1-0: Ball 2-0: Ball 3-0: Called Strike 3-1: Ground out 5-3 (Groundball, 56, EV 88.1 MPH)
|
|
Batting: LHB Brandon Hopper
|
0-0: Ball 1-0: SOLO HOME RUN (Flyball, 89XD, EV 108.8 MPH), Distance : 404 ft
|
|
Batting: LHB Ryan Dyal
|
0-0: Ground out U3 (Groundball, 34S, EV 93.8 MPH)
|
|
Batting: LHB Josh Pittman
|
0-0: Called Strike 0-1: SINGLE (Groundball, 3D, EV 95.0 MPH)
|
|
Batting: LHB Carlos Ramirez
|
0-0: Foul Ball, location: 2F 0-1: Foul Ball, location: 2F 0-2: Ball 1-2: Ball 2-2: Ball 3-2: Ground out 4-3 (Groundball, 4, EV 81.9 MPH)
|
| Bottom of the 3rd over - 1 run, 2 hits, 0 errors, 1 left on base; Akron 0 - Birmingham 1 |
| TOP OF THE 4TH |
|
Akron RubberDucks batting - Pitching for Birmingham Barons : RHP Tristan Vollmer
|
|
Batting: RHB Carlos Abrego
|
0-0: Ball 1-0: Called Strike 1-1: Ball 2-1: SINGLE (Line Drive, 89S, EV 103.1 MPH)
|
|
Batting: LHB Sam Ogg
|
0-0: Ball 1-0: Grounds into double play, 6-4-3 (Groundball, 6, EV 110.0 MPH)
|
|
Batting: LHB Justin Rankin
|
0-0: Called Strike 0-1: SINGLE (Groundball, 6D, EV 101.2 MPH)
|
|
Batting: RHB Eric Kuck
|
0-0: Ball 1-0: Ball 2-0: Ball 3-0: Called Strike 3-1: Foul Ball, location: 2F 3-2: SINGLE (Flyball, 89S, EV 85.6 MPH) Justin Rankin to second Justin Rankin to third
|
|
Batting: RHB Greg Harden
|
0-0: Called Strike 0-1: SINGLE (Line Drive, 34D, EV 97.5 MPH) Justin Rankin scores Eric Kuck to second
|
|
Batting: RHB Adrian Martinelli
|
0-0: Swinging Strike 0-1: Ball 1-1: Called Strike 1-2: Ball 2-2: Strikes out swinging
|
| Top of the 4th over - 1 run, 4 hits, 0 errors, 2 left on base; Akron 1 - Birmingham 1 |
| BOTTOM OF THE 4TH |
|
Birmingham Barons batting - Pitching for Akron RubberDucks : RHP Fomio Tashima
|
|
Batting: RHB Toichiro Fujimoto
|
0-0: Foul Ball, location: 2F 0-1: Ball 1-1: Foul Ball, location: 2F 1-2: Ball 2-2: Ball 3-2: SINGLE (Flyball, 3D, EV 90.0 MPH)
|
|
Batting: LHB Herkko Haavikko
|
0-0: Swinging Strike 0-1: Called Strike 0-2: Reached on error, E3 (Groundball, 3, EV 109.4 MPH) Toichiro Fujimoto to second
|
|
Batting: RHB Peter Croston
|
0-0: Ball 1-0: Swinging Strike 1-1: Ball 2-1: SINGLE (Groundball, 6S, EV 57.5 MPH) (infield hit) Toichiro Fujimoto to third Herkko Haavikko to second
|
|
Batting: RHB Santos Guadalupe
|
0-0: Ball 1-0: Foul Ball, location: 2F 1-1: Foul Ball, location: 2F 1-2: Foul Ball, location: 3F, Error on foul ball, E3 1-2: Ball 2-2: Fielders Choice at 2nd, 3-6 (Groundball, 34, EV 97.5 MPH) Toichiro Fujimoto scores Herkko Haavikko to third
|
|
Batting: RHB Jeremy Hoffert
|
0-0: Fly out, F9 (Flyball, 9, EV 91.2 MPH) Runner from 3rd tags up, OUT at HOME! 9-2
|
| Bottom of the 4th over - 1 run, 2 hits, 2 errors, 1 left on base; Akron 1 - Birmingham 2 |
| TOP OF THE 5TH |
|
Akron RubberDucks batting - Pitching for Birmingham Barons : RHP Tristan Vollmer
|
|
Batting: LHB Yasuo Igarashi
|
0-0: Foul Ball, location: 2F 0-1: Ball 1-1: Ball 2-1: Ball 3-1: Base on Balls
|
|
Batting: LHB Nick Welling
|
0-0: SINGLE (Line Drive, 8LS, EV 106.2 MPH) Yasuo Igarashi to second
|
|
Batting: SHB Arturo Baez
|
0-0: Called Strike 0-1: Called Strike 0-2: SINGLE (Groundball, 25, EV 70.6 MPH) (infield hit) Yasuo Igarashi to third Nick Welling to second
|
|
Batting: RHB Carlos Abrego
|
0-0: Called Strike 0-1: Foul Ball, location: 2F 0-2: Foul Ball, location: 2F 0-2: Foul Ball, location: 2F 0-2: Ball 1-2: Ball 2-2: Strikes out swinging
|
|
Pitching: LHP Juan Medrano
|
|
|
Batting: LHB Sam Ogg
|
0-0: Called Strike 0-1: Ball Wild Pitch! Yasuo Igarashi scores Nick Welling to third Arturo Baez to second 1-1: Ball 2-1: Called Strike 2-2: Strikes out looking
|
|
Batting: LHB Justin Rankin
|
0-0: Ball 1-0: SINGLE (Groundball, 13S, EV 66.9 MPH) (infield hit) Nick Welling scores Arturo Baez to third
|
|
Batting: RHB Eric Kuck
|
0-0: Called Strike 0-1: Ball 1-1: Ball 2-1: SINGLE (Line Drive, 8RS, EV 104.4 MPH) Arturo Baez scores Justin Rankin to second
|
|
Batting: RHB Greg Harden
|
0-0: Swinging Strike 0-1: Fly out, F7 (Flyball, 78S, EV 90.0 MPH)
|
| Top of the 5th over - 3 runs, 4 hits, 0 errors, 2 left on base; Akron 4 - Birmingham 2 |
| BOTTOM OF THE 5TH |
|
Birmingham Barons batting - Pitching for Akron RubberDucks : RHP Fomio Tashima
|
|
Batting: LHB Brandon Hopper
|
0-0: Ball 1-0: Called Strike 1-1: Reached via error on a dropped throw from SS, E3 (Groundball, 6, EV 85.0 MPH)
|
|
Batting: LHB Ryan Dyal
|
0-0: Called Strike 0-1: Ball 1-1: Called Strike 1-2: Foul Ball, location: 2F 1-2: Ball 2-2: Foul Ball, location: 2F 2-2: Ball 3-2: Foul Ball, location: 2F 3-2: Base on Balls Brandon Hopper to second
|
|
Batting: LHB Josh Pittman
|
0-0: Foul Ball, location: 2F 0-1: Ball 1-1: Ball 2-1: Called Strike 2-2: Strikes out swinging
|
|
Batting: LHB Carlos Ramirez
|
0-0: Ball 1-0: Ball 2-0: Ball 3-0: Base on Balls Brandon Hopper to third Ryan Dyal to second
|
|
Batting: RHB Toichiro Fujimoto
|
0-0: Ball 1-0: Called Strike 1-1: Grounds into double play, 4-6-3 (Groundball, 4M, EV 109.4 MPH)
|
| Bottom of the 5th over - 0 runs, 0 hits, 1 error, 2 left on base; Akron 4 - Birmingham 2 |
| TOP OF THE 6TH |
|
Akron RubberDucks batting - Pitching for Birmingham Barons : LHP Juan Medrano
|
|
Batting: RHB Adrian Martinelli
|
0-0: Ball 1-0: Ball 2-0: Foul Ball, location: 7LSF, Error on foul ball, E7 2-1: Ball 3-1: Ground out 6-3 (Groundball, 6, EV 81.9 MPH)
|
|
Batting: LHB Yasuo Igarashi
|
0-0: Fly out, F7 (Flyball, 7LM, EV 83.1 MPH)
|
|
Batting: LHB Nick Welling
|
0-0: Ball 1-0: Foul Ball, location: 2F 1-1: Foul Ball, location: 2F 1-2: Fly out, F7 (Flyball, 7D, EV 87.5 MPH)
|
| Top of the 6th over - 0 runs, 0 hits, 1 error, 0 left on base; Akron 4 - Birmingham 2 |
| BOTTOM OF THE 6TH |
|
Birmingham Barons batting - Pitching for Akron RubberDucks : RHP Fomio Tashima
|
|
Batting: LHB Herkko Haavikko
|
0-0: Called Strike 0-1: Ball 1-1: Called Strike 1-2: Ball 2-2: Strikes out swinging
|
|
Pitching: RHP Rainer Von Croy
|
|
|
Batting: RHB Peter Croston
|
0-0: Foul Ball, location: 2F 0-1: Ground out 4-3 (Groundball, 13, EV 93.8 MPH)
|
|
Batting: RHB Santos Guadalupe
|
0-0: Called Strike 0-1: Swinging Strike 0-2: Ball 1-2: Strikes out swinging
|
| Bottom of the 6th over - 0 runs, 0 hits, 0 errors, 0 left on base; Akron 4 - Birmingham 2 |
| TOP OF THE 7TH |
|
Akron RubberDucks batting - Pitching for Birmingham Barons : LHP Juan Medrano
|
|
Batting: SHB Arturo Baez
|
0-0: Called Strike 0-1: SINGLE (Groundball, 25, EV 74.4 MPH) (infield hit)
|
|
Batting: RHB Carlos Abrego
|
0-0: Ball 1-0: Ball 2-0: Ball 3-0: Called Strike 3-1: Called Strike 3-2: Fly out, F8 (Line Drive, 89D, EV 104.4 MPH)
|
|
Batting: LHB Sam Ogg
|
0-0: Ball 1-0: Swinging Strike 1-1: Swinging Strike 1-2: Ball 2-2: Strikes out swinging
|
|
Batting: LHB Justin Rankin
|
0-0: Ball Arturo Baez steals 2nd base 1-0: SINGLE (Line Drive, 7S, EV 100.0 MPH) Arturo Baez to third Runner from 3rd tries for Home, SAFE, throw by LF to home
|
|
Batting: RHB Eric Kuck
|
0-0: Foul Ball, location: 2F 0-1: Ball 1-1: Swinging Strike 1-2: Strikes out swinging
|
| Top of the 7th over - 1 run, 2 hits, 0 errors, 1 left on base; Akron 5 - Birmingham 2 |
| BOTTOM OF THE 7TH |
|
Birmingham Barons batting - Pitching for Akron RubberDucks : RHP Rainer Von Croy
|
|
Pitching: RHP En-guo Tsu
|
|
|
Batting: RHB Jeremy Hoffert
|
0-0: Ball 1-0: Called Strike 1-1: SINGLE (Line Drive, 56D, EV 103.1 MPH)
|
|
Batting: LHB Brandon Hopper
|
0-0: Foul Ball, location: 2F 0-1: Ball 1-1: Ball 2-1: SINGLE (Groundball, 34S, EV 86.9 MPH) (infield hit) Jeremy Hoffert to second
|
|
Batting: LHB Ryan Dyal
|
0-0: Ball 1-0: Called Strike 1-1: Ball 2-1: Ball 3-1: Foul Ball, location: 2F 3-2: SINGLE (Line Drive, 8LS, EV 103.8 MPH) Jeremy Hoffert to third Brandon Hopper to second
|
|
Batting: LHB Josh Pittman
|
0-0: Called Strike 0-1: SINGLE (Groundball, 4MD, EV 110.0 MPH) Jeremy Hoffert scores Brandon Hopper to third Ryan Dyal to second
|
|
Batting: LHB Carlos Ramirez
|
0-0: Called Strike 0-1: Swinging Strike 0-2: Strikes out looking
|
|
Batting: RHB Toichiro Fujimoto
|
0-0: Hit by Pitch Brandon Hopper scores Ryan Dyal to third Josh Pittman to second
|
|
Batting: LHB Herkko Haavikko
|
0-0: Ball 1-0: Ball 2-0: Called Strike 2-1: SINGLE (Groundball, 56D, EV 94.4 MPH) Ryan Dyal scores Josh Pittman to third Toichiro Fujimoto to second Runner from 3rd tries for Home, SAFE, throw by LF to home
|
|
Pitching: LHP J.J. Adkins
|
|
|
Batting: RHB Peter Croston
|
0-0: Foul Ball, location: 2F 0-1: Ball 1-1: Fly out, F7 (Line Drive, 7S, EV 98.1 MPH)
|
|
Batting: RHB Santos Guadalupe
|
0-0: Ball 1-0: Ball 2-0: Called Strike 2-1: Ball 3-1: Foul Ball, location: 2F 3-2: Strikes out swinging
|
| Bottom of the 7th over - 4 runs, 5 hits, 0 errors, 2 left on base; Akron 5 - Birmingham 6 |
| TOP OF THE 8TH |
|
Akron RubberDucks batting - Pitching for Birmingham Barons : LHP Juan Medrano
|
|
Pitching: LHP Silas Chartier
|
|
|
Batting: RHB Greg Harden
|
0-0: Called Strike 0-1: Fly out, F2 (Popup, 23F, EV 76.9 MPH)
|
|
Batting: RHB Adrian Martinelli
|
0-0: Ground out 6-3 (Groundball, 6, EV 87.5 MPH)
|
|
Pinch Hitting: RHB Willie Gonzales
|
0-0: Ball 1-0: Ball 2-0: Swinging Strike 2-1: Called Strike 2-2: Strikes out swinging
|
| Top of the 8th over - 0 runs, 0 hits, 0 errors, 0 left on base; Akron 5 - Birmingham 6 |
| BOTTOM OF THE 8TH |
|
Birmingham Barons batting - Pitching for Akron RubberDucks : LHP J.J. Adkins
|
|
Pitching: LHP Victor Garcia
|
|
|
Now at 2B: Willie Gonzales
|
|
|
Batting: RHB Jeremy Hoffert
|
0-0: Ground out 6-3 (Groundball, 56, EV 86.2 MPH)
|
|
Batting: LHB Brandon Hopper
|
0-0: Ground out U3 (Groundball, 3, EV 86.2 MPH)
|
|
Batting: LHB Ryan Dyal
|
0-0: Ball 1-0: Ball 2-0: Fly out, F8 (Flyball, 8RD, EV 88.1 MPH)
|
| Bottom of the 8th over - 0 runs, 0 hits, 0 errors, 0 left on base; Akron 5 - Birmingham 6 |
| TOP OF THE 9TH |
|
Akron RubberDucks batting - Pitching for Birmingham Barons : LHP Silas Chartier
|
|
Batting: LHB Nick Welling
|
0-0: Fly out, F9 (Flyball, 9D, EV 100.6 MPH)
|
|
Batting: SHB Arturo Baez
|
0-0: Swinging Strike 0-1: Ball 1-1: Swinging Strike 1-2: Strikes out swinging
|
|
Batting: RHB Carlos Abrego
|
0-0: Foul Ball, location: 2F 0-1: Ground out 1-3 (Groundball, 34S, EV 73.8 MPH)
|
| Top of the 9th over - 0 runs, 0 hits, 0 errors, 0 left on base; Akron 5 - Birmingham 6 |
|